 Dungeon Crawl Stone Soup version 0.30-a0-739-gea05faddec (webtiles) character file.

Game seed: 2180486636844828435

5721 holysushi the Destroyer (level 10, -2/63 HPs)
             Began as an Octopode Conjurer on Feb 4, 2023.
             Was an Initiate of Gozag.
             Slain by a centaur warrior (10 damage)
             ... on level 8 of the Dungeon.
             The game lasted 00:17:47 (8517 turns).

holysushi the Destroyer (Octopode Conjurer)         Turns: 8517, Time: 00:17:47

Health: -2/63      AC:  1    Str:  8    XL:     10   Next: 77%
Magic:  12/22      EV: 19    Int: 31    God:    Gozag
Gold:   1607       SH:  6    Dex: 10    Spells: 14/25 levels left

rFire   . . .      SeeInvis +    q - staff of conjuration
rCold   . . .      Faith    .    F - +1 buckler "Deuzarei" {Int+7 SInv}
rNeg    . . .      Spirit   .    (helmet restricted)
rPois   +          Reflect  .    k - amulet of magic regeneration
rElec   .          Harm     .    c - ring of wizardry
rCorr   .          Rampage  .    d - +5 ring of evasion
Will    .....                    E - ring of wizardry
Stlth   ++++                     B - ring of poison resistance
HPRegen 0.30/turn                (no ring)
MPRegen 0.58/turn                (no ring)
                                 (no ring)
                                 (no ring)

@: no status effects
A: almost no armour, amphibious, 8 rings, camouflage 1, gelatinous body 1,
(nimble swimmer 1), tentacles
a: Renounce Religion, Potion Petition, Call Merchant, Bribe Branch


You were on level 8 of the Dungeon.
You worshipped Gozag.
Gozag was most pleased with you.
You visited 2 branches of the dungeon, and saw 9 of its levels.
You also visited: Ossuary.

You collected 2163 gold pieces.
You paid 556 gold pieces to Gozag.

Inventory:

Hand Weapons
 b - the +8 sling of Perch {freeze, rC++ Str-4 Int+5 Stlth-}
   (You found it on level 2 of the Dungeon)

   Str:       It affects your strength (-4).
   Int:       It affects your intelligence (+5).
   rC:        It greatly protects you from cold.
   Stlth:     It makes you less stealthy.
Armour
 p - the +3 warlock's mirror {omnireflect}
   (You acquired it on level 3 of the Dungeon)

   Omnireflect: It can block and reflect piercing ranged attacks and magical
   attacks against the wielder's willpower.
 F - the +1 buckler "Deuzarei" (worn) {Int+7 SInv}
   (You acquired it on level 8 of the Dungeon)

   Int:       It affects your intelligence (+7).
   SInv:      It lets you see invisible.
Magical Staves
 q - a staff of conjuration (weapon)
Jewellery
 c - a ring of wizardry (left tentacle)
 d - a +5 ring of evasion (right tentacle)
 k - an amulet of magic regeneration (around mantle)
 B - a ring of poison resistance (on tentacle)
 E - a ring of wizardry (on tentacle)
Wands
 u - a wand of paralysis (13)
 w - a wand of iceblast (8)
 D - a wand of polymorph (7)
 H - a wand of quicksilver (5)
Scrolls
 h - a scroll of fear
 j - 3 scrolls of teleportation
 r - 4 scrolls of amnesia
 v - 4 scrolls of vulnerability
 x - 4 scrolls of immolation
 y - 2 scrolls of fog
 C - a scroll of identify
 G - a scroll of torment {unknown}
Potions
 a - 3 potions of magic
 e - 2 potions of flight {unknown}
 f - 2 potions of attraction
 g - 6 potions of curing
 i - 3 potions of haste
 l - 3 potions of mutation {unknown}
 m - 2 potions of ambrosia {unknown}
 n - 4 potions of might {unknown}
 o - 3 potions of cancellation {unknown}
 s - a potion of invisibility {unknown}
 t - 2 potions of lignification {unknown}
 z - a potion of resistance {unknown}
 A - 3 potions of heal wounds {unknown}
 I - a potion of brilliance {unknown}


   Skills:
 - Level 3.0 Fighting
 + Level 3.3 Staves
 + Level 6.9 Dodging
 - Level 6.0 Stealth
 - Level 5.0 Shields
 - Level 8.0 Spellcasting
 + Level 8.5 Conjurations
 - Level 4.0 Evocations


You had 14 spell levels left.
You knew the following spells:

 Your Spells              Type           Power      Damage    Failure   Level
a - Magic Dart            Conj           100%       1d8       1%          1
b - Searing Ray           Conj           100%       2d8       1%          2
c - Stone Arrow           Conj/Erth      100%       3d13      1%          3
d - Lightning Bolt        Conj/Air       27%        1d44      7%          5

Your spell library contained the following spells:

 Spells                   Type           Power      Damage    Failure   Level
 Foxfire                  Conj/Fire      100%       2x1d9     1%          1
 Kiss of Death            Conj/Necr      100%       2d13      1%          1
 Momentum Strike          Conj/Tloc      100%       3d10      1%          2
 Dazzling Flash           Conj/Hex       100%       N/A       1%          3
 Blink                    Tloc           24%        N/A       2%          2
 Lesser Beckoning         Tloc           24%        N/A       2%          2
 Fulminant Prism          Conj/Hex       27%        3d14      2%          4
 Iskenderun's Mystic Bla  Conj/Tloc      55%        2d12      2%          4
 Kindle Blastsparks       Fire/Tloc/Air  24%        2d12      4%          3
 Summon Guardian Golem    Hex/Summ       12%        N/A       4%          3
 Tukima's Dance           Hex            12%        N/A       4%          3
 Anguish                  Hex/Necr       6%         N/A       13%         4
 Passage of Golubria      Tloc           12%        N/A       13%         4
 Yara's Violent Unravell  Hex/Tmut       6%         3d5       32%         5
 Orb of Destruction       Conj           39%        9d11      32%         7
 Spellforged Servitor     Conj/Summ      27%        N/A       85%         7
 Enfeeble                 Hex            6%         N/A       100%        7
 Lehudib's Crystal Spear  Conj/Erth      27%        10d7      100%        8
 Animate Armour           Summ/Erth      Unusable   N/A       N/A         4

Dungeon Overview and Level Annotations

Branches:
Dungeon (8/15) Zot: 23841  Temple (1/1) D:4 Zot: 5946    Lair (0/5) D:8
Ossuary (visited)

Altars:
Ashenzari
Cheibriados
Dithmenos
Elyvilon
Fedhas
Gozag
Hepliaklqana
Makhleb
Nemelex Xobeh
Okawaru
Qazlal
Ru
Sif Muna
Trog
Vehumet
Xom
Yredelemnul
Zin
The Shining One

Shops:
D:6 *


Innate Abilities, Weirdness & Mutations

You cannot wear most types of armour.
You are amphibious.
You can wear up to eight rings at the same time.
Your skin changes colour to match your surroundings (Stealth+).
Your rubbery body absorbs attacks. (AC +1, EV +1)
((You are camouflaged when in or above water. (Stealth+)))
You have tentacles for arms and can constrict up to eight enemies at once.


Message History

You feel a surge of power!
The stone arrow hits the centaur warrior.
The centaur warrior is lightly wounded.
The centaur warrior hits you! The centaur warrior kicks you.
The centaur warrior closely misses you. The centaur warrior kicks you.
Casting: Stone Arrow (safe; 1% risk of failure)
Confirm with . or Enter, or press ? or * to list all spells.
Aiming: Stone Arrow (safe; 1% risk of failure)
Press: ? - help, Shift-Dir - straight line, f/p - centaur warrior
Aim: a centaur warrior (lightly wounded, 84% to hit)
You feel a surge of power!
The stone arrow hits the centaur warrior!!
The centaur warrior is heavily wounded.
The centaur warrior hits you!
The centaur warrior completely misses you.
Casting: Stone Arrow (safe; 1% risk of failure)
Confirm with . or Enter, or press ? or * to list all spells.
Aiming: Stone Arrow (safe; 1% risk of failure)
Press: ? - help, Shift-Dir - straight line, f/p - centaur warrior
Aim: a centaur warrior (heavily wounded, 84% to hit)
You feel a surge of power!
The stone arrow hits the centaur warrior!!
The centaur warrior is almost dead.
The centaur warrior hits you! You block the centaur warrior's attack.
The centaur warrior hits you!
* * * LOW HITPOINT WARNING * * *
The centaur warrior kicks you.
* * * LOW HITPOINT WARNING * * *
A kobold comes into view. It is wielding a +0 club.
Casting: Stone Arrow (safe; 1% risk of failure)
Confirm with . or Enter, or press ? or * to list all spells.
Aiming: Stone Arrow (safe; 1% risk of failure)
Press: ? - help, Shift-Dir - straight line, f/p - centaur warrior
Aim: a centaur warrior (almost dead, 84% to hit)
You feel a surge of power!
The stone arrow misses the centaur warrior.
The kobold shouts!
The centaur warrior hits you!
You die...
Your body crumbles into a pile of gold.

................#
.#.....#.....)#.#
.###.###...##.#.##
.#...#
##........###
...###
##....#....# .###
#....##...# .###
####.##...#####
...####
#.##.......#
...##..
#.#.@.....)#
...##.#
.......c.##K..#
...##.#
###...####.#).#
...##.## ####
..##..# ...##..#
....#)..# .......#
...#. #...#
###.#..## ##
..##...# #.##..#
#. #..#.# #.....#
#. #..#.#


You could see a centaur warrior and a kobold.

Vanquished Creatures
  3 death yaks
  Sigmund (D:5)
  A steam dragon (D:6)
  An ice beast (D:8)
  An orc warrior (D:6)
  2 black bears
  An ogre (D:7)
  A centaur (D:7)
  2 phantoms
  2 kobold brigands
  3 gnoll sergeants (D:8)
  2 bullfrogs
  4 necrophages
  13 scorpions
  5 killer bees (D:7)
  4 howler monkeys
  A centaur zombie (Ossuary)
  4 hounds
  3 human zombies (Ossuary)
  2 gnoll boudas
  2 orc priests
  Crazy Yiuf (D:7)
  4 jellies
  3 hell rats (D:8)
  6 scorpion zombies (Ossuary)
  4 iguanas
  2 orc wizards (D:8)
  3 mummies (Ossuary)
  15 gnolls
  9 adders
  2 shadow imps
  2 white imps
  A worm (D:3)
  4 dart slugs
  9 orcs
  9 ball pythons
  2 endoplasms (D:1)
  4 giant cockroaches
  A gnoll zombie (Ossuary)
  9 goblins
  4 hobgoblins
  14 kobolds
  4 quokkas
  6 bats
  2 frilled lizards (D:1)
  A goblin zombie (Ossuary)
  3 hobgoblin zombies (Ossuary)
  6 kobold zombies (Ossuary)
  2 orc zombies (Ossuary)
  7 rats
197 creatures vanquished.

Vanquished Creatures (others)
  An orc (D:6)
  7 demonic plants (D:2)
  4 fungi (D:2)
  5 plants (D:2)
  4 withered plants (D:2)
21 creatures vanquished.

Grand Total: 218 creatures vanquished

Notes
Turn   | Place    | Note
-------+----------+-------------------------------------------
     0 | D:1      | holysushi the Octopode Conjurer began the quest for the
                  | Orb.
     0 | D:1      | Reached XP level 1. HP: 11/11 MP: 3/3
   206 | D:1      | Reached XP level 2. HP: 13/17 MP: 0/5
   949 | D:1      | Identified a scroll of acquirement
   949 | D:1      | Acquired 1325 gold pieces
  1029 | D:2      | Learned a level 2 spell: Searing Ray
  1088 | D:2      | Identified the +8 sling of Perch {freeze, rC++ Str-4 Int+5
                  | Stlth-}
  1090 | D:2      | Noticed a black bear
  1337 | D:2      | Reached XP level 3. HP: 21/21 MP: 7/7
  1349 | D:2      | Killed a black bear
  1350 | D:2      | Reached XP level 4. HP: 20/27 MP: 0/10
  1496 | D:2      | Reached XP level 5. HP: 31/31 MP: 12/12
  1538 | D:2      | Found a faded altar of an unknown god.
  2184 | D:3      | Learned a level 3 spell: Stone Arrow
  2289 | D:3      | Reached skill level 5 in Spellcasting
  2506 | D:3      | Found a bloodstained altar of Trog.
  2566 | D:3      | Acquired the +3 warlock's mirror {omnireflect}
  2566 | D:3      | Found the +3 warlock's mirror {omnireflect}
  2568 | D:3      | Acquired a staff of conjuration
  2570 | D:3      | Acquired the Atlas of the Red-Hot Discharge
  2895 | D:4      | Reached XP level 6. HP: 31/37 MP: 11/13
  2917 | D:4      | Reached skill level 1 in Fighting
  3078 | D:4      | Found a staircase to the Ecumenical Temple.
  3087 | D:4      | Reached skill level 1 in Shields
  3090 | Temple   | Entered the Ecumenical Temple
  3216 | D:4      | Reached XP level 7. HP: 44/44 MP: 6/15
  3346 | D:4      | Found an iron altar of Okawaru.
  3525 | D:4      | Found a shimmering blue altar of Sif Muna.
  3525 | D:4      | Found a radiant altar of Vehumet.
  3628 | D:5      | Entered Level 5 of the Dungeon
  3796 | D:5      | Learned a level 5 spell: Lightning Bolt
  3817 | D:5      | Noticed Sigmund
  3821 | D:5      | Killed Sigmund
  3909 | D:5      | Reached skill level 5 in Conjurations
  4137 | D:5      | Reached XP level 8. HP: 50/50 MP: 10/16
  4155 | D:5      | Found a sacrificial altar of Ru.
  4537 | D:6      | Found a burning altar of Makhleb.
  4538 | D:6      | You fall into a shaft and drop 2 floors!
  4542 | D:8      | Noticed a death yak
  4676 | D:7      | Found a sand-covered staircase.
  4681 | Ossuary  | Entered an ossuary
  5117 | Ossuary  | Reached skill level 1 in Evocations
  5124 | Ossuary  | Reached XP level 9. HP: 42/54 MP: 5/18
  5129 | Ossuary  | Reached skill level 5 in Dodging
  5256 | Ossuary  | Reached skill level 5 in Stealth
  5659 | D:7      | Found a basalt altar of Yredelemnul.
  5895 | D:6      | Found a blossoming altar of Fedhas.
  5961 | D:6      | Found a shimmering altar of Xom.
  6067 | D:6      | Identified the +0 dagger of Kismet {flame, rPois}
  6100 | D:6      | Found a stormy altar of Qazlal.
  6282 | D:6      | Found a glowing golden altar of the Shining One.
  6298 | D:6      | Found an opulent altar of Gozag.
  6597 | D:6      | Became a worshipper of Gozag Ym Sagoz the Greedy
  6843 | D:7      | Found a runed translucent door.
  6844 | D:7      | Noticed Crazy Yiuf
  7068 | D:7      | Reached XP level 10. HP: 17/60 MP: 18/21
  7405 | D:7      | Killed Crazy Yiuf
  7909 | D:8      | Acquired the +1 buckler "Deuzarei" {Int+7 SInv}
  7932 | D:8      | Noticed a death yak
  7967 | D:8      | Killed a death yak
  7968 | D:8      | Reached skill level 1 in Staves
  8128 | D:8      | Identified the +6 spear of Gravity {distort, Drain rCorr
                  | Str+3 Int+2}
  8174 | D:8      | Noticed a death yak
  8221 | D:7      | Killed a death yak
  8259 | D:8      | Killed a death yak
  8260 | D:8      | Reached skill level 5 in Shields
  8304 | D:8      | Found a staircase to the Lair.
  8508 | D:8      | Noticed a centaur warrior
  8517 | D:8      | Slain by a centaur warrior

Illustrated notes

Levels and vault maps discovered:
D:1:      lemuel_arrival_muddy, layout_loops_cross
D:2:      layout_loops_ring, shapermc_ecumenical_altar_gd
D:3:      layout_basic, mainiacjoe_overflow_brackets
D:4:      layout_cave_pools, amethyst_overflow_temple_binary,
          mainiacjoe_overflow_paths, minmay_temple_entry_trees, serial_glass,
          glass_columns_a, glass_columns_a
D:5:      layout_loops_ring, nicolae_ru_path_of_blood, minmay_fountain_box,
          uniq_sigmund
D:6:      layout_loops_cross, mainiacjoe_overflow_large_starburst,
          fedhas_ov_isle_minmay, mainiacjoe_overflow_catwalk_spiral,
          grunt_gozag_breadcrumbs, nrook_loot_triangle,
          minmay_unpleasant_kobolds
D:7:      layout_loops_ring, yredelemnul_altar_generic, enter_ossuary_5,
          kennysheep_generic_room_8, uniq_crazy_yiuf_cottage
D:8:      layout_rooms, kiku_gazebo_garden_becter, dpeg_lair_monsters,
          minmay_pinched_square
Temple:   nicolae_temple_ecumenical_triangle

Skill      XL: |  1  2  3  4  5  6  7  8  9 10 |
---------------+-------------------------------+-----
Spellcasting   | 3 4 5 6 7 8 |  8.0
Fighting       | 1 2 3 |  3.0
Shields        | 1 2 4 5 |  5.0
Dodging        | 3 4 6 |  6.9
Conjurations   | 5 6 7 8 |  8.5
Stealth        | 4 6 |  6.0
Evocations     | 1 3 4 |  4.0
Staves         | 3 |  3.3

Action                     |  1- 3 |  4- 6 |  7- 9 | 10-12 || total
---------------------------+-------+-------+-------+-------++-------
  Melee: Unarmed           |     6 |       |       |       ||     6
         Tentacles         |     3 |     1 |    36 |     1 ||    41
         Constrict         |     2 |     1 |    27 |     1 ||    31
         Staff             |       |     8 |   108 |     4 ||   120
         Punch             |       |       |     5 |       ||     5
   Fire: Sling             |    10 |    38 |       |       ||    48
   Cast: Magic Dart        |    30 |     7 |     1 |     4 ||    42
         Searing Ray       |     2 |     4 |     5 |       ||    11
         Stone Arrow       |       |    18 |   105 |    66 ||   189
         Lightning Bolt    |       |       |       |     2 ||     2
 Invoke: Call Merchant     |       |       |     1 |       ||     1
  Evoke: Wand              |       |       |     4 |       ||     4
    Use: Scroll            |     3 |     5 |    10 |     1 ||    19
         Potion            |       |       |     1 |     1 ||     2
   Stab: Sleeping          |       |     1 |     3 |       ||     4
         Paralysed         |       |       |     1 |       ||     1
 Armour: Skin              |       |     2 |     4 |       ||     6
  Dodge: Dodged            |    13 |    23 |   123 |    11 ||   170
  Block: Buckler           |       |     1 |    44 |     3 ||    48
         Reflection        |       |       |     2 |       ||     2

Table legend: (Time is in decaauts)
 A = Elapsed time spent in this place.
 B = Non-inter-level travel time spent in this place.
 C = Inter-level travel time spent in this place.
 D = Time resting spent in this place.
 E = Time spent auto-exploring this place.
 F = Levels seen in this place.
 G = Mean time per level.
                   A        B        C        D        E       F      G
               +--------+--------+--------+--------+--------+-----+--------+
         Total |   8562 |   8333 |    229 |   1676 |   5113 |  10 |  856.2 |
       Dungeon |   7674 |   7451 |    223 |   1284 |   4930 |   8 |  959.2 |
        Temple |     53 |     47 |      6 |      0 |     37 |   1 |   53.0 |
       Ossuary |    834 |    834 |      0 |    392 |    146 |   1 |  834.0 |
               +--------+--------+--------+--------+--------+-----+--------+

Top non-repeatable levels by time:
     D:2: 1121 daAuts
     D:7: 1101 daAuts
     D:8: 1055 daAuts
     D:6: 1018 daAuts
     D:1: 1009 daAuts
     D:5: 903 daAuts
 Ossuary: 834 daAuts
     D:3: 764 daAuts
     D:4: 700 daAuts
  Temple: 53 daAuts
